Map: Crête de Lerilak

Players

Elak

  • Race: Terran Terran
  • League: Silver
  • Spawn Location: 7:00

zidar - Winner!

  • Race: Zerg Zerg
  • League: Silver
  • Spawn Location: 11:00

VOD

Have the link to the VOD?

Description

Time

  • Played on: Jan. 24, 2016, 5:39 a.m.
  • Length: 29:30
Show
View Real Time Build Order
Export as new Build Order

Elak Terran 

Build Orders:  

Get SALT Encoding   

  12  0:01  SCV  
  13  0:13  SCV  
  14  0:30  SCV  
  14  0:31  Supply Depot  
  15  0:37  Refinery  
  15  0:38  Supply Depot  
  15  0:55  Barracks  
  15  0:59  Refinery  
  15  1:03  SCV  
  16  1:15  SCV  
  17  1:27  SCV  
  18  1:39  SCV  
  19  1:44  Factory  
  19  1:46  Marine  
  20  1:51  SCV  
  21  2:03  SCV  
  21  2:04  Marine  
  23  2:11  Supply Depot  
  24  2:15  SCV  
  24  2:22  Marine  
  25  2:27  SCV  
  26  2:31  Hellion  
  28  2:38  Factory  
  28  2:40  Marine  
  29  2:46  Orbital Command  
  29  2:55  Supply Depot  
  29  2:58  Marine  
  30  3:07  Engineering Bay  
  30  3:08  Factory Tech Lab  
  30  3:13  SCV  
  31  3:25  Hellion, SCV  
  34  3:33  Infernal Pre-Igniter  
  33  3:37  SCV  
  34  3:44  Hellion  
  34  3:46  Hellion  
  38  3:53  Supply Depot  
  38  4:17  Command Center  
  38  4:20  Factory Reactor  
  38  4:21  Starport  
  38  4:26  Hellion  
  38  4:29  SCV  
  41  4:40  Armory  
  41  4:43  SCV  
  42  4:50  Supply Depot  
  42  4:52  Hellion  
  44  4:58  Hellion  
  46  5:03  Hellion  
  48  5:08  Medivac  
  50  5:15  Siege Tank  
  57  5:32  Widow Mine  
  57  5:35  Widow Mine  
  57  5:38  Medivac  
  57  5:40  SCV  
  58  5:52  SCV  
  51  6:04  SCV  
  51  6:08  Siege Tank  
  55  6:17  SCV  
  49  6:29  SCV  
  37  7:12  Planetary Fortress  
  34  7:33  Barracks  
  34  7:34  Command Center  
  34  7:35  Barracks  
  34  7:41  Starport Tech Lab  
  34  7:42  Supply Depot  
  34  7:47  Refinery  
  34  7:51  Refinery  
  34  8:05  Supply Depot  
  34  8:07  Barracks  
  34  8:10  Barracks  
  32  8:19  Orbital Command  
  32  8:21  Banshee  
  35  8:31  Barracks Tech Lab  
  35  8:34  Bunker  
  35  8:37  Missile Turret  
  35  8:38  Barracks Tech Lab, SCV  
  36  8:46  Supply Depot  
  36  8:50  Concussive Shells, SCV  
  37  8:56  Supply Depot  
  37  8:57  Marauder  
  39  9:03  Marauder  
  39  9:04  Banshee  
  44  9:12  Orbital Command  
  44  9:16  Engineering Bay  
  44  9:20  Marine  
  45  9:30  Marine  
  46  9:38  Bunker, Marine  
  47  9:43  SCV  
  48  9:48  Marine  
  49  9:55  SCV  
  49  9:56  Marine  
  47  10:03  Missile Turret  
  47  10:06  Marine  
  48  10:08  Missile Turret, Planetary Fortress  
  48  10:09  Missile Turret  
  48  10:13  Missile Turret  
  47  10:17  SCV  
  47  10:20  Marine  
  49  10:23  Missile Turret  
  49  10:27  Missile Turret  
  49  10:29  SCV  
  49  10:31  Missile Turret  
  49  10:34  Missile Turret  
  49  10:38  Marine  
  49  10:39  Missile Turret x2  
  49  10:41  SCV  
  49  10:42  Missile Turret  
  51  10:43  Missile Turret, SCV  
  51  10:48  Marine  
  53  10:56  Marine  
  54  10:57  Missile Turret  
  55  11:04  SCV  
  55  11:06  Marine  
  55  11:07  Missile Turret  
  54  11:14  Marauder, Missile Turret  
  54  11:16  SCV  
  56  11:20  Refinery, Factory  
  56  11:23  Refinery  
  56  11:24  Missile Turret  
  56  11:28  SCV  
  56  11:32  Missile Turret  
  57  11:35  Neosteel Armor  
  57  11:44  Banshee  
  57  11:46  Cloaking Field  
  54  12:08  Missile Turret  
  48  12:19  Marauder, Marine  
  39  12:33  SCV  
  38  12:57  Factory Reactor  
  38  13:04  Supply Depot, SCV  
  39  13:06  Marine  
  39  13:16  SCV  
  39  13:24  Marine  
  40  13:28  SCV  
  41  13:40  SCV  
  35  14:08  Banshee  
  32  14:16  Orbital Command  
  32  14:18  Marine x2  
  34  14:27  SCV  
  34  14:29  SCV  
  36  14:33  Missile Turret  
  36  14:36  Marine x2  
  38  14:39  SCV  
  38  14:42  SCV  
  40  14:51  Banshee, SCV  
  40  14:52  Missile Turret  
  44  14:53  Marine  
  44  14:54  Marine, SCV  
  47  15:03  SCV  
  52  15:09  SCV  
  52  15:11  Missile Turret, Marine x2  
  52  15:13  Widow Mine  
  52  15:14  Widow Mine  
  55  15:15  SCV  
  55  15:21  SCV  
  57  15:27  Marine, SCV  
  59  15:33  SCV  
  59  15:34  Banshee  
  67  15:39  SCV  
  67  15:42  Widow Mine x2  
  66  15:45  Marine  
  65  15:53  Missile Turret, Hi-Sec Auto Tracking  
  65  16:01  Missile Turret  
  65  16:03  Marine  
  65  16:04  SCV  
  71  16:05  Missile Turret, Marine  
  71  16:11  Widow Mine x2  
  70  16:16  SCV  
  70  16:17  Banshee  
  74  16:23  Marine  
  74  16:25  Missile Turret  
  77  16:33  Missile Turret  
  77  16:39  Widow Mine x2  
  77  16:44  Missile Turret  
  70  17:26  Widow Mine x2  
  61  18:10  Marine x2  
  63  18:13  Widow Mine x2  
  63  18:15  Barracks  
  63  18:16  Barracks  
  63  18:18  Barracks, SCV  
  60  18:27  Marine, SCV  
  59  18:28  Marine  
  59  18:30  SCV  
  59  18:32  Command Center, Missile Turret  
  62  18:37  Missile Turret  
  62  18:39  SCV  
  62  18:45  Marine x2  
  64  18:51  Marine, SCV  
  63  19:03  Marine x2, SCV  
  65  19:13  Missile Turret  
  65  19:15  SCV  
  62  19:21  Marine x2  
  66  19:28  Engineering Bay  
  66  19:32  Missile Turret x2  
  66  19:36  Missile Turret  
  66  19:37  Missile Turret x2  
  66  19:38  Missile Turret x2  
  64  19:40  Missile Turret  
  64  19:49  SCV  
  65  19:53  Bunker  
  65  19:55  Marine x3  
  65  19:56  Marine  
  69  20:01  Stimpack  
  69  20:02  Combat Shield  
  69  20:08  Marine  
  69  20:09  SCV  
  69  20:13  Marine x4  
  59  20:16  Missile Turret  
  59  20:20  Missile Turret  
  59  20:21  SCV  
  60  20:22  Missile Turret  
  60  20:23  Terran Infantry Weapons Level 1  
  60  20:24  Missile Turret  
  60  20:26  Marine  
  60  20:27  Refinery  
  59  20:30  Refinery, Missile Turret  
  59  20:31  Marine x4  
  59  20:33  SCV  
  57  20:44  Marine  
  57  20:45  SCV  
  57  20:49  Missile Turret, Marine x3  
  60  20:50  Missile Turret  
  60  20:51  Missile Turret  
  54  20:57  SCV  
  54  21:04  Missile Turret  
  51  21:05  Marine x2  
  51  21:07  Marine x2  
  51  21:09  SCV  
  53  21:16  Missile Turret  
  53  21:17  Missile Turret  
  53  21:21  SCV  
  53  21:23  Marine x2  
  53  21:24  Marine x2  
  55  21:28  Factory  
  51  21:33  SCV  
  51  21:36  SCV  
  51  21:40  Marine  
  51  21:41  Missile Turret, Marine  
  51  21:44  Missile Turret  
  51  21:46  Missile Turret  
  51  21:48  SCV  
  50  21:56  Missile Turret  
  50  21:58  Missile Turret  
  50  22:00  Missile Turret  
  48  22:03  Missile Turret  
  48  22:05  Missile Turret  
  48  22:07  Marine x2, SCV  
  48  22:08  Marine  
  45  22:18  Marine  
  45  22:19  Bunker  
  44  22:23  Supply Depot, SCV  
  44  22:27  SCV  
  44  22:29  Marine  
  45  22:30  Marine  
  45  22:32  Marine  
  45  22:35  Marine  
  43  22:39  SCV  
  44  22:45  Supply Depot  
  44  22:50  Missile Turret  
  44  22:57  Bunker  
  44  23:07  Marine, SCV  
  44  23:08  Missile Turret, Marine  
  46  23:32  Missile Turret  
  46  23:41  Supply Depot  
  46  23:55  Starport  
  46  24:00  Starport  
  46  24:03  Marine x3, SCV  
  46  24:04  Starport  
  52  24:10  Widow Mine  
  52  24:15  SCV  
  37  24:21  Marine  
  36  24:27  SCV  
  39  24:38  Marine  
  39  24:39  SCV  
  41  24:51  SCV  
  40  24:56  Marine  
  41  25:03  Engineering Bay  
  41  25:25  Marine  
  44  25:30  Widow Mine  
  44  25:40  Missile Turret  
  44  25:43  Marine  
  44  25:44  Missile Turret  
  44  25:48  Missile Turret  
  44  25:49  Missile Turret, Planetary Fortress  
  45  25:52  Refinery  
  47  25:59  Widow Mine, Missile Turret  
  45  26:06  Missile Turret  
  45  26:08  Missile Turret  
  45  26:09  Missile Turret  
  45  26:13  Bunker  
  45  26:18  Missile Turret  
  45  26:20  Hellion  
  45  26:22  Barracks  
  47  26:39  SCV  
  48  26:45  Missile Turret  
  50  26:49  Widow Mine  
  50  26:51  SCV  
  51  27:03  SCV  
Show
View Real Time Build Order
Export as new Build Order

zidar Zerg - Winner!

Build Orders: Hatch First 

Get SALT Encoding   

  12  0:02  Drone  
  13  0:12  Overlord  
  13  0:18  Drone  
  14  0:30  Drone x2  
  14  0:34  Drone  
  17  0:55  Hatchery  
  16  0:57  Drone  
  16  1:01  Extractor  
  16  1:02  Drone  
  17  1:20  Spawning Pool  
  16  1:25  Drone x2  
  18  1:33  Overlord  
  18  1:41  Drone  
  20  2:01  Drone  
  20  2:16  Queen  
  20  2:17  Queen  
  20  2:19  Drone x2  
  26  2:23  Metabolic Boost  
  26  2:44  Zergling x2  
  26  2:45  Zergling x10  
  32  2:53  Roach Warren  
  32  2:58  Overlord  
  31  3:05  Extractor  
  30  3:11  Zergling x2  
  30  3:12  Zergling x4  
  33  3:22  Drone  
  33  3:24  Drone x2  
  33  3:25  Drone  
  37  3:28  Drone  
  38  3:42  Overlord  
  38  3:45  Roach  
  38  3:46  Roach  
  40  4:12  Roach  
  40  4:13  Roach x4  
  40  4:16  Overlord  
  50  4:26  Lair  
  50  4:34  Roach x3  
  56  4:46  Overlord  
  56  4:47  Overlord  
  56  4:57  Ravager x2  
  56  4:58  Ravager  
  59  5:04  Ravager  
  59  5:05  Ravager  
  61  5:10  Roach  
  61  5:11  Roach  
  65  5:31  Drone x10  
  62  6:29  Roach x5  
  62  6:30  Zergling x8  
  76  6:37  Spore Crawler  
  66  7:52  Spire  
  65  7:59  Drone x6  
  70  8:27  Hatchery  
  70  8:32  Hatchery  
  68  8:34  Extractor  
  68  8:38  Extractor  
  66  8:54  Hatchery  
  65  9:10  Mutalisk x5  
  65  9:16  Overlord x3  
  75  10:05  Mutalisk x4  
  75  10:06  Mutalisk x3  
  89  10:31  Infestation Pit  
  88  10:43  Roach  
  88  10:44  Roach x6  
  93  11:18  Zergling x2  
  93  11:19  Zergling x50  
  115  11:40  Ravager x2  
  115  11:41  Ravager  
  60  12:27  Mutalisk x3  
  39  12:57  Drone x3  
  42  13:00  Drone x3  
  45  13:26  Overseer  
  45  13:27  Overseer  
  45  13:33  Hive  
  45  13:36  Mutalisk x4  
  51  13:59  Mutalisk  
  51  14:00  Mutalisk  
  55  14:10  Spawning Pool  
  54  14:20  Extractor x2  
  54  14:22  Drone x8  
  54  14:23  Drone x12  
  72  14:35  Pneumatized Carapace  
  72  15:06  Mutalisk x5  
  82  15:22  Extractor  
  82  15:23  Extractor  
  80  15:41  Evolution Chamber x2  
  76  15:54  Mutalisk  
  76  15:55  Mutalisk x6  
  90  16:12  Mutalisk x2  
  65  17:02  Mutalisk x8  
  78  17:31  Mutalisk  
  78  17:32  Mutalisk x3  
  74  18:29  Mutalisk x6  
  70  19:17  Mutalisk x5  
  78  20:03  Mutalisk  
  78  20:04  Mutalisk x4  
  86  20:16  Overseer  
  56  21:14  Mutalisk x7  
  56  21:16  Zergling x2  
  56  21:17  Zergling x20  
  64  22:27  Zergling x2  
  64  22:28  Zergling x22  
  68  22:47  Mutalisk x4  
  76  23:26  Mutalisk  
  76  23:27  Mutalisk x2  
  55  24:35  Drone x3  
  55  24:36  Drone x4  
  54  25:34  Overseer  
  52  26:07  Drone x10  
  62  26:30  Roach  
  62  26:31  Roach  
  66  26:47  Greater Spire  
  66  26:52  Overseer  
  66  27:10  Hatchery  
  65  27:56  Corruptor  
  65  27:57  Corruptor  
  69  28:02  Hatchery, Corruptor  
  70  28:43  Brood Lord x2  
  70  28:45  Brood Lord  
Tags
 
Add a new tag
Caveats
  • Supply blocks, unpowered buildings, or Contaminate may cause inaccurate times.
  • Supply counts are checked every 10 seconds.